 Dungeon Crawl Stone Soup version 0.28-a0-1339-ga5422284a4 (webtiles) character file.

Game seed: 10315550910919718133

519 bearlyready the Magician (level 7, -3/45 HPs)
             Began as a Djinni Fire Elementalist on Dec 28, 2021.
             Killed from afar by an orc wizard (8 damage)
             ... with a magic dart
             ... on level 4 of the Dungeon.
             The game lasted 00:07:23 (7207 turns).

bearlyready the Magician (Djinni Fire Elementalist) Turns: 7207, Time: 00:07:24

Health: -3/45      AC:  3    Str:  7    XL:     7   Next: 45%
Gold:   149        EV: 12    Int: 19    God:
                   SH:  0    Dex: 13

rFire   + + .      SeeInvis .   l - +1 dagger (venom)
rCold   x . .      Faith    .   (no shield)
rNeg    . . .      Spirit   .   x - +1 robe
rPois   ∞          Reflect  .   (no helmet)
rElec   .          Harm     .   (no cloak)
rCorr   .          Rampage  .   (no gloves)
Will    .....                   (boots unavailable)
Stlth   ++........              (no amulet)
HPRegen 0.15/turn               (no ring)
MPRegen 0.00/turn               (no ring)

@: flying
A: sickness immunity, fire resistance 2, cold vulnerability 1, float, innate
caster, hp casting, extra vitality 1
a: no special abilities


You were on level 4 of the Dungeon.
You visited 1 branch of the dungeon, and saw 4 of its levels.

You collected 149 gold pieces.

Inventory:

Hand Weapons
 c - a +0 dagger
 l - a +1 dagger of venom (weapon)
 r - a +2 whip of electrocution
Missiles
 b - 4 boomerangs
 d - 106 stones
 i - 22 bolts
 q - 5 atropa-tipped darts
 s - a throwing net
 v - 3 poisoned darts
Armour
 a - a +0 robe
 f - a +0 ring mail
 g - a +0 leather armour
 m - a +0 scale mail
 x - a +1 robe (worn)
Scrolls
 e - a scroll of holy word {unknown}
 h - a scroll of enchant armour {unknown}
 o - a scroll of brand weapon {unknown}
 p - 2 scrolls of amnesia {unknown}
 t - a scroll of silence {unknown}
 u - a scroll of noise {unknown}
 y - a scroll of teleportation {unknown}
 z - a scroll of fear {unknown}
 A - a scroll of blinking {unknown}
Potions
 j - 4 potions of curing {unknown}
 k - a potion of heal wounds
 n - 2 potions of might {unknown}
 w - a potion of invisibility {unknown}


   Skills:
 - Level 2.1 Dodging
 - Level 1.5 Stealth
 + Level 6.2 Spellcasting


You couldn't memorise any spells.
You knew the following spells:

 Your Spells              Type           Power      Damage    Failure   Level
a - Foxfire               Conj/Fire      100%       2x1d9     1%          1
b - Scorch                Fire           58%        2d7       1%          2
c - Conjure Flame         Conj/Fire      29%        6-21      2%          3
d - Inner Flame           Hex/Fire       29%        N/A       2%          3
e - Flame Wave            Conj/Fire      29%        2d6       9%          4
f - Magic Dart            Conj           100%       1d8       1%          1
g - Static Discharge      Conj/Air       29%        N/A       1%          2
h - Frozen Ramparts       Ice            58%        1d7       2%          3
Your spell library was empty.

Dungeon Overview and Level Annotations

Branches:
Dungeon (4/15)
 Temple: D:4-7

Altars:
Fedhas
The Shining One


Innate Abilities, Weirdness & Mutations

You are immune to sickness and miasma.
You are immune to poison.
Your flesh is very heat resistant. (rF++)
You are vulnerable to cold. (rC-)
You float through the air rather than walking.
You learn spells naturally, not from books.
Your magical power is your life essence.
You have superior vitality. (+4 MHP)


Message History

a +0 hand axe; a +0 ring mail
Casting: Scorch (safe; 1% risk of failure)
Confirm with . or Enter, or press ? or * to list all spells.
Flames lash the orc.
The orc is burned terribly!
You kill the orc!
The orc hits you with a +0 flail. The orc wizard barely misses you.
Casting: Scorch (safe; 1% risk of failure)
Confirm with . or Enter, or press ? or * to list all spells.
Flames lash the orc.
The orc is severely wounded.
The orc's fire resistance burns away.
The orc hits you with a +0 flail. The orc wizard barely misses you.
Casting: Scorch (safe; 1% risk of failure)
Confirm with . or Enter, or press ? or * to list all spells.
Flames lash the orc wizard.
The orc wizard is moderately wounded.
The orc wizard's fire resistance burns away.
The orc misses you.
The orc wizard hits you with a +0 dagger.
* * * LOW HITPOINT WARNING * * *
Casting: Scorch (safe; 1% risk of failure)
Confirm with . or Enter, or press ? or * to list all spells.
Flames lash the orc.
The orc is burned terribly!
You kill the orc!
* * * LOW HITPOINT WARNING * * *
The orc wizard hits you with a +0 dagger.
* * * LOW HITPOINT WARNING * * *
You hit the orc wizard but do no damage.
The orc wizard is poisoned.
The orc wizard is moderately wounded.
The orc wizard hits you with a +0 dagger.
* * * LOW HITPOINT WARNING * * *
Casting: Scorch (safe; 1% risk of failure)
Confirm with . or Enter, or press ? or * to list all spells.
Flames lash the orc wizard.
The orc wizard is burned terribly!
The orc wizard is almost dead.
* * * LOW HITPOINT WARNING * * *
The orc wizard gestures at you while chanting.
The magic dart hits you!
You die...

......##...#...........##.....
..........##>...##....###.###
..........########.....#)....
..............?..#.....#.....
............†....#.....#.....
+#.....(.........#.....#.....
+...##..........#....##.....
#... #..........#....##....)
.... +.....@....#...........
.. #...)o)....#...........
#..........#...........
#..........#...........
#..........#...........
#..........#...........
#...........#...........
#...........#....##..... #....
#.....


You could see an orc wizard (very poisoned, combustible).

Vanquished Creatures
  Blork the orc (D:4)
  A jelly (D:4)
  A hound (D:3)
  3 orc priests
  Jessica (D:2)
  An iguana (D:4)
  A centaur skeleton (D:4)
  An orc wizard (D:3)
  A hound skeleton (D:4)
  3 gnolls (D:2)
  4 adders
  2 worms
  2 dart slugs
  14 orcs
  7 endoplasms
  5 giant cockroaches
  9 hobgoblins
  4 jackals
  4 quokkas
  6 ball pythons
  3 bats (D:1)
  7 frilled lizards
  8 goblins
  7 kobolds
  9 rats
105 creatures vanquished.

Vanquished Creatures (others)
  167 foxfires
167 creatures vanquished.

Grand Total: 272 creatures vanquished

Notes
Turn   | Place    | Note
-------+----------+-------------------------------------------
     0 | D:1      | bearlyready the Djinni Fire Elementalist began the quest
                  | for the Orb.
     0 | D:1      | Reached XP level 1. HP: 15/15 MP: 0/0
   264 | D:1      | Reached XP level 2. HP: 14/21 MP: 0/0
   449 | D:1      | Reached skill level 3 in Spellcasting
   899 | D:1      | Reached XP level 3. HP: 21/25 MP: 0/0
   899 | D:1      | Learned a level 1 spell: Magic Dart
  1973 | D:2      | Reached XP level 4. HP: 19/31 MP: 0/0
  2750 | D:2      | Noticed Jessica
  2755 | D:2      | Killed Jessica
  2756 | D:2      | Reached skill level 4 in Spellcasting
  2756 | D:2      | Reached XP level 5. HP: 31/35 MP: 0/0
  2756 | D:2      | Learned a level 2 spell: Static Discharge
  3495 | D:2      | HP: 1/35 [orc (3)]
  4691 | D:3      | Reached XP level 6. HP: 18/40 MP: 0/0
  4760 | D:3      | Reached skill level 5 in Spellcasting
  5279 | D:3      | Found a faded altar of an unknown god.
  5731 | D:3      | Found a blossoming altar of Fedhas.
  6456 | D:4      | Found a glowing golden altar of the Shining One.
  6597 | D:4      | Reached XP level 7. HP: 33/45 MP: 0/0
  6597 | D:4      | Learned a level 3 spell: Frozen Ramparts
  6948 | D:4      | Noticed Blork the orc
  6960 | D:4      | Killed Blork the orc
  6961 | D:4      | Reached skill level 6 in Spellcasting
  7207 | D:4      | Killed from afar by an orc wizard

Illustrated notes

Levels and vault maps discovered:
D:1:      lemuel_arrival_funnel, layout_basic
D:2:      layout_loops_ring, grunt_decor_one_mirror, corexii_shack,
          corexii_shack, roderic_roman_lattice, uniq_jessica
D:3:      layout_basic, fedhas_altar_fruit_tree,
          shapermc_ecumenical_altar_rom_forum, minmay_tree_intersection,
          chequers_hall_statues_wall_a, kennysheep_generic_room_15
D:4:      layout_gridville, trog_book, lemuel_coloured_pillars_altar,
          serial_shops, nicolae_shop_behind_doors, uniq_blork_the_orc

Skill      XL: |  1  2  3  4  5  6  7 |
---------------+----------------------+-----
Spellcasting   | 3 4 5 6 |  6.2
Dodging        | |  2.1
Stealth        | |  1.5

Action                   |  1- 3 |  4- 6 |  7- 9 || total
-------------------------+-------+-------+-------++-------
Melee: Unarmed           |     3 |       |       ||     3
       Dagger            |    24 |   166 |     6 ||   196
 Cast: Foxfire           |    68 |    31 |       ||    99
       Scorch            |       |    26 |    25 ||    51
 Stab: Sleeping          |     1 |     3 |       ||     4
Armor: Robe              |     5 |    17 |       ||    22
Dodge: Dodged            |    14 |   119 |     6 ||   139

Table legend: (Time is in decaauts)
 A = Elapsed time spent in this place.
 B = Non-inter-level travel time spent in this place.
 C = Inter-level travel time spent in this place.
 D = Time resting spent in this place.
 E = Time spent auto-exploring this place.
 F = Levels seen in this place.
 G = Mean time per level.
                   A        B        C        D        E       F      G
               +--------+--------+--------+--------+--------+-----+--------+
         Total |   7210 |   7010 |    200 |   1750 |   4324 |   4 | 1802.5 |
       Dungeon |   7210 |   7010 |    200 |   1750 |   4324 |   4 | 1802.5 |
               +--------+--------+--------+--------+--------+-----+--------+

Top non-repeatable levels by time:
     D:2: 2614 daAuts
     D:1: 1967 daAuts
     D:3: 1505 daAuts
     D:4: 1123 daAuts
